 Dungeon Crawl Stone Soup version 0.28-a0-769-g550dbda0cd (webtiles) character file.

Game seed: 6343383235790620959

574 mandarbmax the Skirmisher (level 7, -2/75 HPs)
             Began as an Ogre Transmuter on Oct 31, 2021.
             Was a Believer of Cheibriados.
             Slain by an orc warrior (5 damage)
             ... on level 5 of the Dungeon.
             The game lasted 00:08:34 (5530 turns).

mandarbmax the Skirmisher (Ogre Transmuter)         Turns: 5530, Time: 00:08:34

Health: -2/75      AC: -17   Str: 20    XL:     7   Next: 35%
Magic:  10/11      EV: 14    Int: 21    God:    Cheibriados [**....]
Gold:   192        SH:  0    Dex: 14    Spells: 6/12 levels left

rFire   . . .      SeeInvis .     - Unarmed
rCold   . . .      Faith    .   (no shield)
rNeg    . . .      Spirit   .   a - +0 robe
rPois   .          Reflect  .   (helmet restricted)
rElec   .          Harm     .   (no cloak)
rCorr   .          Rampage  .   (gloves unavailable)
Will    .....                   (boots unavailable)
Stlth   +.........              (no amulet)
HPRegen 0.22/turn               h - +4 ring of evasion
MPRegen 0.12/turn               (no ring)

@: corroded, very slightly contaminated, invisible, very slow
A: large, unfitting armour, tough skin 1
a: Renounce Religion, Bend Time


You were on level 5 of the Dungeon.
You worshipped Cheibriados.
Cheibriados was pleased with you.
You visited 1 branch of the dungeon, and saw 5 of its levels.

You collected 192 gold pieces.

Inventory:

Armour
 a - a +0 robe (worn)
 k - a +0 cloak
Jewellery
 h - a +4 ring of evasion (left hand)
Wands
 l - a wand of mindburst (5)
Scrolls
 c - 2 scrolls of torment
 e - a scroll of amnesia
 j - a scroll of holy word {unknown}
 n - a scroll of teleportation {unknown}
Potions
 b - a potion of might
 d - a potion of heal wounds
 g - a potion of invisibility
 i - a potion of attraction {unknown}
 m - a potion of mutation {unknown}


   Skills:
 + Level 6.2 Fighting
 - Level 2.0 Dodging
 - Level 4.0 Unarmed Combat
 - Level 3.0 Spellcasting
 + Level 4.5 Transmutations


You had 6 spell levels left.
You knew the following spells:

 Your Spells              Type           Power      Damage    Failure   Level
a - Beastly Appendage     Tmut           44%        N/A       1%          1
b - Wereblood             Tmut           22%        N/A       3%          2
c - Spider Form           Tmut/Pois      6%         N/A       16%         3

Your spell library contained the following spells:

 Spells                   Type           Power      Damage    Failure   Level
 Summon Small Mammal      Summ           12%        N/A       13%         1
 Call Canine Familiar     Summ           3%         N/A       36%         3
 Summon Guardian Golem    Hex/Summ       3%         N/A       36%         3
 Ice Form                 Ice/Tmut       12%        N/A       45%         4


Dungeon Overview and Level Annotations

Branches:
Dungeon (5/15)
 Temple: D:4-7

Altars:
Ashenzari
Cheibriados
Hepliaklqana
Ru
Trog
Uskayaw

Shops:
D:2 =

Annotations:
D:3 1 runed translucent door, Crazy Yiuf


Innate Abilities, Weirdness & Mutations

You are too large for most types of armour.
You have tough skin. (AC +1)


Message History

The jelly is heavily wounded.
The jelly completely misses you.
You hiss as the wereblood boils in your veins!
The jelly hits you. The acid corrodes you!
You are splashed with acid!
The jelly hits you. The acid corrodes you!
You are splashed with acid!
You hiss as the wereblood boils in your veins!
Your transformation has ended.
Your +0 robe unmelds from your body.
Your primal bloodlust is almost over.
The jelly misses you.
You hit the jelly but do no damage.
Your hands burn!
The jelly is almost dead.
The jelly hits you.
You are splashed with acid!
* * * LOW HITPOINT WARNING * * *
You kill the jelly!
Cheibriados thoroughly appreciates the change of pace.
Your primal bloodlust has ended.
Found a hazy altar of Hepliaklqana.
The orc warrior hits you with a +2 vorpal flail!
* * * LOW HITPOINT WARNING * * *
x2 The orc warrior misses you.
The orc warrior closely misses you. The orc warrior barely misses you.
As you read the scroll labelled DYIGOJ WIBEIXE, it crumbles to dust.
Your body is wracked with pain!
* * * LOW HITPOINT WARNING * * *
The orc warrior convulses!
The orc convulses! x3; It was a scroll of torment.
The orc warrior hits you with a +2 vorpal flail.
* * * LOW HITPOINT WARNING * * *
x2 It was a potion of invisibility.
You fade into invisibility!
The orc completely misses you. The orc misses you.
The orc warrior barely misses you.
You are very lightly contaminated with residual magic.
It was a potion of heal wounds.
You feel much better. The orc barely misses you.
The orc hits you with a +0 flail!
* * * LOW HITPOINT WARNING * * *
The orc warrior hits you with a +2 vorpal flail!
* * * LOW HITPOINT WARNING * * *
You die...

#........## #... ###......#..#
#.#. ##....( #...........#####...
###.. .. #####.....###..........
#...... #...###...# #.)).......
....#. ._.#....## #.))†).....
#.#.. ...#....####..))......
#.#.# #.##.......#..........
#...# #§#oo@...#.#..........
.)..########§#.oo...#.#..........
...o.o..##.........##.#..........
.....#..##.###.....##...#.....#..
..####..##.##.......###.##.####.#
.. ###.o.oo##.......# ####..# #.#
...#...(............# ##.# #.#
....._..#...##.....## #.# #.#
..##...##...###...## #.# #.#


You could see an orc warrior and 3 orcs.

Vanquished Creatures
  A water moccasin zombie (D:4)
  A water moccasin skeleton (D:5)
  2 bullfrog skeletons
  A centaur skeleton (D:4)
  A jelly (D:5)
  2 hounds
  An iguana (D:5)
  An orc wizard (D:5)
  2 hound zombies (D:4)
  2 adders
  7 gnolls (D:4)
  2 shadow imps (D:5)
  An ufetubus (D:4)
  2 adder zombies (D:4)
  2 worms
  2 dart slugs
  10 orcs
  2 bats
  6 endoplasms
  2 giant cockroaches
  9 goblins
  6 hobgoblins
  3 jackals (D:1)
  6 kobolds
  7 quokkas
  3 ball pythons
  A frilled lizard (D:3)
  A quokka skeleton (D:4)
  5 rats
91 creatures vanquished.

Vanquished Creatures (others)
  3 withered plants (D:4)
3 creatures vanquished.

Grand Total: 94 creatures vanquished

Notes
Turn   | Place    | Note
-------+----------+-------------------------------------------
     0 | D:1      | mandarbmax the Ogre Transmuter began the quest for the Orb.
     0 | D:1      | Reached XP level 1. HP: 19/19 MP: 3/3
   159 | D:1      | Reached XP level 2. HP: 26/27 MP: 3/5
   616 | D:1      | Found a faded altar of an unknown god.
  1252 | D:2      | Learned a level 2 spell: Wereblood
  1267 | D:2      | Found a snail-covered altar of Cheibriados.
  1276 | D:2      | Found Omih's Jewellery Boutique.
  1277 | D:2      | Became a worshipper of Cheibriados the Contemplative
  1281 | D:2      | Reached XP level 3. HP: 30/33 MP: 6/6
  1346 | D:2      | You fall into a shaft and drop 2 floors!
  1372 | D:4      | Learned a level 3 spell: Spider Form
  1777 | D:3      | Reached XP level 4. HP: 42/42 MP: 5/7
  1922 | D:3      | Noticed a +0 hand axe
  1924 | D:3      | Noticed a +0 dagger
  1925 | D:3      | Found a hide-covered altar of Uskayaw.
  2023 | D:3      | Reached skill level 2 in Fighting
  2380 | D:2      | Reached * piety under Cheibriados
  3434 | D:3      | Found a runed translucent door.
  3435 | D:3      | Noticed Crazy Yiuf
  3898 | D:4      | Reached skill level 3 in Fighting
  3898 | D:4      | Reached XP level 5. HP: 51/53 MP: 4/9
  4249 | D:4      | Reached skill level 4 in Fighting
  4354 | D:4      | Reached XP level 6. HP: 56/62 MP: 6/10
  4507 | D:4      | Reached ** piety under Cheibriados
  4834 | D:4      | Reached skill level 5 in Fighting
  5010 | D:5      | Entered Level 5 of the Dungeon
  5081 | D:5      | Reached XP level 7. HP: 44/72 MP: 5/11
  5279 | D:5      | Reached skill level 6 in Fighting
  5406 | D:5      | Found a broken altar of Ashenzari.
  5406 | D:5      | Found a sacrificial altar of Ru.
  5494 | D:5      | Found a bloodstained altar of Trog.
  5522 | D:5      | Found a hazy altar of Hepliaklqana.
  5530 | D:5      | HP: 3/75 [orc warrior (15)]
  5530 | D:5      | Slain by an orc warrior

Illustrated notes

Levels and vault maps discovered:
D:1:      elethiomel_arrival_infinity_welcomes_careful_drivers,
          layout_loops_corners, ebering_ecumenical_altar_abandoned,
          minmay_tromino_mix6
D:2:      layout_basic, serial_shops, shop, basic_altar, grunt_ministairs_7
D:3:      layout_loops_corners, dancing_weapons_uskayaw, uniq_crazy_yiuf_cottage
D:4:      layout_rooms, serial_undead, serial_undead_e, serial_undead_f,
          serial_undead_f, serial_undead_b
D:5:      layout_rooms, nzn_hepliaklqana_mist_gate, trog_three_pillars_becter,
          gammafunk_temple_overflow_wave, minmay_temple_entry_large_hall

Skill      XL: |  1  2  3  4  5  6  7 |
---------------+----------------------+-----
Unarmed Combat | 3 4 |  4.0
Transmutations | 2 3 4 |  4.5
Dodging        | 2 |  2.0
Fighting       | 3 4 5 6 |  6.2
Spellcasting   | 3 |  3.0

Action                   |  1- 3 |  4- 6 |  7- 9 || total
-------------------------+-------+-------+-------++-------
Melee: Unarmed           |    66 |   174 |    28 ||   268
       Kick              |    15 |    10 |       ||    25
       Headbutt          |     8 |     9 |       ||    17
 Cast: Beastly Appendage |    22 |    19 |       ||    41
       Wereblood         |     2 |    18 |     2 ||    22
       Spider Form       |       |    17 |     3 ||    20
  Use: Scroll            |       |     3 |     1 ||     4
       Potion            |       |       |     2 ||     2
 Stab: Sleeping          |       |     2 |       ||     2
Armor: Robe              |    20 |    17 |       ||    37
       Skin              |       |     5 |       ||     5
Dodge: Dodged            |    23 |   177 |    29 ||   229

Table legend: (Time is in decaauts)
 A = Elapsed time spent in this place.
 B = Non-inter-level travel time spent in this place.
 C = Inter-level travel time spent in this place.
 D = Time resting spent in this place.
 E = Time spent auto-exploring this place.
 F = Levels seen in this place.
 G = Mean time per level.
                   A        B        C        D        E       F      G
               +--------+--------+--------+--------+--------+-----+--------+
         Total |   6280 |   6084 |    196 |    469 |   4879 |   5 | 1256.0 |
       Dungeon |   6280 |   6084 |    196 |    469 |   4879 |   5 | 1256.0 |
               +--------+--------+--------+--------+--------+-----+--------+

Top non-repeatable levels by time:
     D:3: 1691 daAuts
     D:4: 1540 daAuts
     D:1: 1245 daAuts
     D:2: 1182 daAuts
     D:5: 621 daAuts
